 Dungeon Crawl Stone Soup version 0.27-a0-951-gae3e1deef5 (webtiles) character file.

Game seed: 686560621355965629

1709 jasper the Martial Artist (level 9, 0/70 HPs)
             Began as a Vine Stalker Transmuter on Apr 11, 2021.
             Was an Initiate of Cheibriados.
             Slain by Pikel
             ... wielding a +2 whip of electrocution
              (6 damage)
             ... on level 4 of the Dungeon.
             The game lasted 00:11:00 (4652 turns).

jasper the Martial Artist (Vine Stalker Transmuter) Turns: 4652, Time: 00:11:00

Health: 0/70       AC: 38    Str: 13    XL:     9   Next: 3%
Magic:  0/13       EV:  7    Int: 17    God:    Cheibriados [......]
Gold:   310        SH:  0    Dex: 29    Spells: 6/12 levels left

rFire    . . .     SeeInvis .     - Unarmed
rCold    . . .     Faith    .   (no shield)
rNeg     . . .     Spirit   +   g - +27 Lear's hauberk
rPois    .         Reflect  .   (helmet currently unavailable)
rElec    .         Harm     .   e - +0 cloak
rCorr    .         Rampage  .   (gloves currently unavailable)
Will     +....     Rnd*Rage +   (boots currently unavailable)
Stlth    ..........             (no amulet)
HPRegen  1.21/turn              c - +6 ring of dexterity
MPRegen  0.13/turn              f - +6 ring of dexterity

@: berserking, very slow
A: fangs 3, regeneration 1, magic shield, antimagic bite, no potion heal 2,
iridescent scales 1, berserk 1
a: Renounce Religion, Bend Time


You were on level 4 of the Dungeon.
You worshipped Cheibriados.
Cheibriados was noncommittal.
You visited 2 branches of the dungeon, and saw 7 of its levels.

You collected 310 gold pieces.

Inventory:

Missiles
 i - 113 stones (quivered)
Armour
 a - a +0 robe
 e - a +0 cloak (worn)
 g - the +27 Lear's hauberk (worn)
   (You found it on level 5 of the Dungeon)
 m - a +0 helmet
Jewellery
 c - a +6 ring of dexterity (left hand)
 d - a ring of positive energy
 f - a +6 ring of dexterity (right hand)
 q - a ring of magical power
Scrolls
 l - 4 scrolls of teleportation
 n - a scroll of enchant weapon {unknown}
 p - a scroll of holy word {unknown}
Potions
 b - a potion of cancellation
 h - a potion of magic
 j - a potion of mutation
 k - a potion of berserk rage
 o - a potion of lignification {unknown}
 r - a potion of curing {unknown}
 s - 2 potions of heal wounds {unknown}


   Skills:
 + Level 5.2 Fighting
 - Level 3.3 Dodging
 * Level 8.7 Unarmed Combat
 - Level 2.1 Spellcasting
 - Level 4.0 Transmutations


You had 6 spell levels left.
You knew the following spells:

 Your Spells              Type           Power      Damage    Failure   Level
a - Beastly Appendage     Tmut           30%        N/A       80%         1
b - Wereblood             Tmut           15%        N/A       90%         2
c - Spider Form           Tmut/Pois      4%         N/A       100%        3

Your spell library contained the following spells:

 Spells                   Type           Power      Damage    Failure   Level
 Ice Form                 Ice/Tmut       8%         N/A       100%        4
 Hydra Form               Tmut           7%         N/A       100%        5


Dungeon Overview and Level Annotations

Branches:
Dungeon (6/15)             Temple (1/1) D:6

Altars:
Ashenzari
Cheibriados
Elyvilon
Fedhas
Hepliaklqana
Makhleb
Ru
Trog
Uskayaw
Wu Jian
Xom
Yredelemnul
Zin
The Shining One
Beogh

Annotations:
D:2 Natasha
D:3 3 runed translucent doors, Ijyb; jestyr24's ghost, weakling OpBr
D:4 Pikel
D:6 3 runed translucent doors, noodleboyJ's ghost, novice DrBe; rageheart7's ghost, novice DjGl; robertstho's ghost, novice DjIE; siradein's ghost, novice DjCj


Innate Abilities, Weirdness & Mutations

You have razor-sharp teeth.
Your natural rate of healing is unusually fast.
When hurt, damage is shared between your health and your magic reserves.
Your bite disrupts and absorbs the magic of your enemies.
Potions cannot restore your health.
You are partially covered in iridescent scales. (AC +2)
You tend to lose your temper in combat.


Message History

Pikel is moderately wounded.
The lemure hits you but does no damage. Pikel hits you but does no damage.
You are electrocuted!!
The lemure hits you but does no damage. x2
You take 12 damage, and have 29/47 hp.
MASSIVE DAMAGE!!
You now have 8/13 mp.
Your Lear's hauberk prevents you from hitting Pikel.
You bite Pikel, but do no damage.
Pikel is moderately wounded.
The lemure barely misses you.
The lemure hits you but does no damage. x2
Pikel hits you but does no damage.
You are electrocuted!
The lemure hits you but does no damage.
You take 6 damage, and have 23/47 hp.
You now have 6/13 mp.
You closely miss Pikel. You punch Pikel, but do no damage.
You bite Pikel, but do no damage.
Pikel is moderately wounded.
The lemure completely misses you. The lemure barely misses you.
The lemure hits you but does no damage. Pikel hits you but does no damage.
You are electrocuted!
* * * LOW HITPOINT WARNING * * *
The lemure hits you but does no damage.
You take 9 damage, and have 14/47 hp.
You now have 4/13 mp.
You hit Pikel.
Pikel is moderately wounded.
The lemure hits you but does no damage. x2; Pikel hits you but does no damage.
You are electrocuted!
* * * LOW HITPOINT WARNING * * *
The lemure hits you but does no damage.
You take 12 damage, and have 2/47 hp.
MASSIVE DAMAGE!!
You now have 0/13 mp.
Okay, then.
It was a potion of mutation.
You feel extremely strange.
You feel a little pissed off.
Iridescent scales grow over part of your body.
The lemure closely misses you. The lemure hits you but does no damage.
The lemure completely misses you. Pikel hits you but does no damage.
The lemure hits you but does no damage.
It was a potion of berserk rage.
A red film seems to cover your vision as you go berserk!
Cheibriados protects you from inadvertent hurry.
You feel mighty!
The lemure hits you but does no damage. x3
Pikel hits you with a +2 whip of electrocution.
You die...

#.# #......#
##.....#### #.. ##
##.....#
#........###.. #.....#
#...##........ ##....#
##...# ##...... #....#
#...######..... #....#
##.......##...## ...
###....(.......###
.....##55............#
......K@..####.......#
....(.55.##
###.......#
.....#....# ###......
.........>.# .(.#...
......#.....# ..#####
.............# .## #
...............
..............


You could see Pikel and 4 lemures.

Vanquished Creatures
  4 water moccasins
  An ice beast (D:5)
  A sky beast (D:6)
  3 ogres (D:6)
  A black bear (D:6)
  A necrophage (D:6)
  Blork the orc (D:6)
  3 scorpions
  2 water moccasin zombies (D:6)
  A howler monkey (D:6)
  An orc priest (D:5)
  4 hounds
  An iguana (D:2)
  6 adders
  An adder zombie (D:5)
  A worm (D:4)
  A dart slug (D:1)
  7 orcs
  2 bats
  10 endoplasms
  2 giant cockroaches
  7 goblins
  5 hobgoblins
  3 jackals (D:4)
  6 kobolds
  A quokka (D:2)
  4 ball pythons
  6 frilled lizards
  10 rats
96 creatures vanquished.

Vanquished Creatures (others)
  A plant (D:6)
1 creature vanquished.

Grand Total: 97 creatures vanquished

Notes
Turn   | Place    | Note
-------+----------+-------------------------------------------
     0 | D:1      | jasper the Vine Stalker Transmuter began the quest for the
                  | Orb.
     0 | D:1      | Reached XP level 1. HP: 9/9 MP: 4/4
    82 | D:1      | Reached skill level 1 in Fighting
   301 | D:1      | Reached XP level 2. HP: 14/14 MP: 4/6
   304 | D:1      | Learned a level 2 spell: Wereblood
   720 | D:1      | Reached XP level 3. HP: 18/18 MP: 5/7
   724 | D:1      | Learned a level 3 spell: Spider Form
  1188 | D:2      | Noticed Natasha
  1381 | D:3      | Found a runed translucent gate.
  1382 | D:3      | Found a runed translucent gate.
  1383 | D:3      | Found a runed translucent gate.
  1383 | D:3      | Identified the +1 scale mail "Ihaf" {Regen+ Str+6}
  1385 | D:3      | Noticed jestyr24's ghost (weakling OpBr)
  1450 | D:3      | Gained mutation: Your natural rate of healing is unusually
                  | fast. [Vine Stalker growth]
  1450 | D:3      | Reached XP level 4. HP: 8/22 MP: 4/8
  1490 | D:3      | Noticed Ijyb
  1530 | D:3      | Found a hazy altar of Hepliaklqana.
  1733 | D:2      | Found a faded altar of an unknown god.
  1809 | D:2      | Reached skill level 4 in Unarmed Combat
  1901 | D:2      | Reached XP level 5. HP: 26/26 MP: 6/9
  2200 | D:4      | Noticed Pikel
  2298 | D:4      | Noticed a water moccasin
  2455 | D:4      | Noticed a lemure
  2497 | D:4      | Noticed a lemure
  2666 | D:5      | Entered Level 5 of the Dungeon
  2707 | D:5      | Reached XP level 6. HP: 30/30 MP: 10/10
  2849 | D:5      | Reached skill level 5 in Unarmed Combat
  3344 | D:5      | Noticed an ice beast
  3351 | D:5      | Killed an ice beast
  3352 | D:5      | Reached XP level 7. HP: 35/35 MP: 11/11
  3444 | D:5      | Found the +27 Lear's hauberk
  3640 | D:5      | Reached skill level 6 in Unarmed Combat
  3657 | D:6      | Found a staircase to the Ecumenical Temple.
  3677 | D:6      | Gained mutation: You have razor-sharp teeth. [Vine Stalker
                  | growth]
  3677 | D:6      | Reached XP level 8. HP: 40/42 MP: 10/12
  3684 | Temple   | Entered the Ecumenical Temple
  3749 | Temple   | Became a worshipper of Cheibriados the Contemplative
  3797 | D:6      | Reached skill level 7 in Unarmed Combat
  3910 | D:6      | Noticed Blork the orc
  3918 | D:6      | Killed Blork the orc
  4013 | D:6      | Reached skill level 8 in Unarmed Combat
  4066 | D:6      | Reached skill level 5 in Fighting
  4160 | D:6      | Found a runed translucent gate.
  4160 | D:6      | Noticed robertstho's ghost (novice DjIE)
  4161 | D:6      | Found a runed translucent gate.
  4161 | D:6      | Noticed noodleboyJ's ghost (novice DrBe)
  4161 | D:6      | Noticed rageheart7's ghost (novice DjGl)
  4163 | D:6      | Found a runed translucent gate.
  4165 | D:6      | Noticed siradein's ghost (novice DjCj)
  4592 | D:4      | Reached XP level 9. HP: 47/47 MP: 13/13
  4650 | D:4      | HP: 2/47 [Pikel/+2 whip of electrocution (13)]
  4651 | D:4      | Gained mutation: You tend to lose your temper in combat.
                  | [potion of mutation]
  4651 | D:4      | Gained mutation: You are partially covered in iridescent
                  | scales. (AC +2) [potion of mutation]
  4652 | D:4      | Slain by Pikel

Illustrated notes

Levels and vault maps discovered:
D:1:      dpeg_arrival_yet_another_circle, layout_loops_ring
D:2:      layout_loops_ring, basic_ecumenical_altar, chequers_garden,
          minmay_cut_off, uniq_natasha, uniq_crazy_yiuf_cottage
D:3:      minmay_bubble_buster, layout_rooms, lemuel_coloured_pillars_altar,
          biasface_ghost_orc_armoury, uniq_ijyb
D:4:      layout_layer_cave, uniq_pikel
D:5:      layout_gridville
D:6:      layout_cave_pools, minmay_temple_entry_gardened_gates,
          gammafunk_ghost_cemetery, uniq_blork_the_orc
Temple:   dshaligram_water_room_temple

Skill      XL: |  1  2  3  4  5  6  7  8 |
---------------+-------------------------+-----
Fighting       | 1 2 3 5 |  5.2
Dodging        | 2 3 |  3.3
Unarmed Combat | 4 5 6 8 |  8.7
Transmutations | 3 4 |  4.0
Spellcasting   | |  2.1

Action                   |  1- 3 |  4- 6 |  7- 9 || total
-------------------------+-------+-------+-------++-------
Melee: Unarmed           |    59 |    79 |   142 ||   280
       Kick              |    15 |    31 |     2 ||    48
       Headbutt          |    11 |    13 |     1 ||    25
       Bite              |     8 |    25 |    77 ||   110
       Punch             |       |     3 |     2 ||     5
Throw: Stone             |    19 |    13 |    25 ||    57
 Cast: Beastly Appendage |    23 |    16 |     2 ||    41
Evoke: Wand              |       |     2 |     3 ||     5
  Use: Scroll            |       |     6 |     1 ||     7
       Potion            |       |     1 |     2 ||     3
 Stab: Sleeping          |     4 |     1 |       ||     5
Armor: Robe              |    11 |     6 |     1 ||    18
       Chain mail        |       |       |   125 ||   125
Dodge: Dodged            |    26 |    46 |    47 ||   119

Table legend: (Time is in decaauts)
 A = Elapsed time spent in this place.
 B = Non-inter-level travel time spent in this place.
 C = Inter-level travel time spent in this place.
 D = Time resting spent in this place.
 E = Time spent auto-exploring this place.
 F = Levels seen in this place.
 G = Mean time per level.
                   A        B        C        D        E       F      G
               +--------+--------+--------+--------+--------+-----+--------+
         Total |   4858 |   4651 |    207 |    106 |   3369 |   7 |  694.0 |
       Dungeon |   4776 |   4584 |    192 |    106 |   3309 |   6 |  796.0 |
        Temple |     81 |     66 |     15 |      0 |     60 |   1 |   81.0 |
               +--------+--------+--------+--------+--------+-----+--------+

Top non-repeatable levels by time:
     D:5: 984 daAuts
     D:4: 902 daAuts
     D:1: 870 daAuts
     D:6: 850 daAuts
     D:2: 722 daAuts
     D:3: 446 daAuts
  Temple: 81 daAuts
